 Dungeon Sprint DCSS version 0.31-a0-931-g7b59d4eb97 (webtiles) character file.

Game seed: 13629384251520094985

1358 rocky1 the Martial Artist (level 8, -16/65 HPs)
             Began as a Djinni Shapeshifter on Oct 20, 2023.
             Was an Initiate of Gozag.
             Killed from afar by a ynoxinul (40 damage)
             ... with an iron shot
             ... in the Dungeon (Sprint VII: "The Pits").
             The game lasted 00:03:31 (1324 turns).

rocky1 the Martial Artist (Djinni Shapeshifter)     Turns: 1324, Time: 00:03:32

Health: -16/65     AC: 12    Str: 13    XL:     8   Next: 96%
Gold:   1422       EV:  9    Int: 11    God:    Gozag SH:  0 Dex: 16

rFire   + +          .
                       - Unarmed
rCold   x . .        (no shield)
rNeg    . . .        b - +3 chain mail
rPois   ∞            (helmet currently unavailable)
rElec   .            (cloak currently unavailable)
rCorr   .            (gloves currently unavailable)
SInv    .            (boots unavailable)
Will    .....        (no amulet) Stlth
                     (no ring)
HPRegen 0.30/turn    (no ring)
MPRegen 0.00/turn

%: no teleportation, infuse magic (-17 HP)
@: beast-form, flying
A: beast (slay +4), flying, sickness immunity, fire resistance 2, cold
vulnerability 1, float, innate caster, HP casting, extra vitality 1
a: Begin Untransformation, Renounce Religion, Potion Petition, Call Merchant,
Bribe Branch


You were in the Dungeon.
You worshipped Gozag.
Gozag was most pleased with you.
You were a hulking beast.
You visited 1 branch You collected 1422 gold pieces.

Inventory:

Armour
 a - a +0 animal skin
 b - a +3 chain mail (worn)
Talismans
 c - a beast talisman (active)
 d - a flux talisman
Scrolls
 i - a scroll of blinking
 k - 2 scrolls of vulnerability
 l - a scroll of butterflies
Potions
 e - 6 potions of curing
 f - 5 potions of heal wounds
 g - a potion of haste
 h - a potion of berserk rage
 j - 2 potions of invisibility


   Skills:
 + Level 7.8 Fighting
 + Level 2.8 Armour
 + Level 8.8 Dodging
 * Level 11.5 Unarmed Combat
 + Level 4.1 Spellcasting
 + Level 4.1 Conjurations
 + Level 4.1 Hexes
   Level 0.0 Charms
 + Level 4.1 Summonings
 + Level 4.1 Necromancy
 + Level 4.1 Translocations
 + Level 4.1 Transmutations
 + Level 4.1 Fire Magic
 + Level 4.1 Ice Magic
 + Level 4.1 Air Magic
 + Level 4.1 Earth Magic
 + Level 4.1 Poison Magic
 + Level 7.1 Shapeshifting


You knew the following spells:

 Your Spells              Type           Power      Damage    Failure   Level
a - Necrotise             Necr           44%        1d6       63%         1
b - Blink                 Tloc           22%        N/A       77%         2
c - Ensorcelled Hibernat  Hex/Ice        22%        N/A       77%         2
Your spell library was empty.

Dungeon Overview and Level Annotations

Branches:
Dungeon (1/1)

Altars:
Ashenzari
Cheibriados
Dithmenos
Elyvilon
Fedhas
Gozag
Hepliaklqana
Makhleb
Nemelex Xobeh
Okawaru
Qazlal
Ru
Trog
Uskayaw
Wu Jian
Xom
Yredelemnul
Zin
The Shining One
Jiyva
Lugonu

Annotations:
D Jessica


Innate Abilities, Weirdness & Mutations

You are a hulking beast.
Your limbs bulge with bestial killing power. (Slay +4)
You are flying.
You are immune to sickness and miasma.
You are immune to poison.
Your flesh is very heat resistant. (rF++)
You are vulnerable to cold. (rC-)
You float through the air rather than walking.
You learn spells naturally, not from books.
Your magical power is your life essence.
You have superior vitality. (+4 MHP)


Message History

You punch the giant cockroach!
You kill the giant cockroach!
Pargi is distracted by your dazzling golden aura.
There is an open door here.
Items here: $ )) [[.
You punch Pargi!
Pargi is no longer distracted by gold.
You punch Pargi.
Pargi is heavily wounded.
Pargi bites you. Pargi claws you but does no damage. x2
You punch Pargi! You punch Pargi.
Pargi is almost dead.
Pargi bites you but does no damage. Pargi claws you. x2
You closely miss Pargi.
Pargi is almost dead.
Pargi bites you but does no damage. Pargi claws you but does no damage. x2
You punch Pargi!
You kill Pargi!
You now have 1269 gold pieces (gained 90).
You now have 1422 gold pieces (gained 153).
There is an open door here.
Items here: )) [[.
You start resting.
HP restored.
You reach down and open the door.
Jessica, an elephant and a ynoxinul come into view.
Jessica shouts!
The elephant trumpets!
The ynoxinul bellows!
The ynoxinul gestures at you. The iron shot hits you!!
Jessica shouts, "You're disturbing me!
I'll have to kill you!"
Unknown command.
There is an open door here.
Items here: )) [[.
The ynoxinul gestures at you. The iron shot hits you!!
You reach down and close the door, pushing everything out of the way.
A ynoxinul opens the door.
The ynoxinul gestures at you. The iron shot hits you!!!
Ouch! That really hurt!
You die...
Your body crumbles into a pile of gold.

#.##'####+###.......#
#.#........##.......#
#.#........##.......#
#)#####'#####...<...#
#)#...)))..##.......#
#)#...)))[.##.......#
#'###########.......#
#.......#..##########
#...#...#h## ###
#...#...#.# ...#
#.##.##.#'#.Y..#
#...#...#[3..@.+
#...#...#)#.3..#
#.......')#....#
########### ####


You could see a ynoxinul.

Vanquished Creatures
  A kobold demonologist (D)
  Prince Ribbit (D)
  A flying skull (D)
  A floating eye (D)
  An orc warrior (D)
  A sky beast (D)
  Pargi (D)
  2 phantoms (D)
  A scorpion (D)
  2 wights (D)
  An orc priest (D)
  An orc wizard (D)
  2 orcs (D)
  2 bats (D)
  2 giant cockroaches (D)
  A kobold (D)
  A quokka (D)
  A ball python (D)
  A ball python skeleton (D)
  A giant cockroach zombie (D)
25 creatures vanquished.

Notes
Turn   | Place    | Note
-------+----------+-------------------------------------------
     0 | D        | rocky1 the Djinni Shapeshifter began the quest for the Orb.
     0 | D        | Reached XP level 1. HP: 17/17 MP: 0/0
    13 | D        | Noticed a floating eye
    16 | D        | Paralysed by a floating eye for 3 turns
    20 | D        | Killed a floating eye
    21 | D        | Reached skill level 6 in Unarmed Combat
    21 | D        | Reached XP level 2. HP: 26/26 MP: 0/0
    21 | D        | Reached XP level 3. HP: 31/31 MP: 0/0
    21 | D        | Learned a level 1 spell: Necrotise
    21 | D        | Reached XP level 4. HP: 37/37 MP: 0/0
    21 | D        | Reached XP level 5. HP: 41/41 MP: 0/0
    21 | D        | Learned a level 2 spell: Blink
    47 | D        | Found a bloodstained altar of Trog.
    47 | D        | Found a viscous altar of Jiyva.
    47 | D        | Found a hazy altar of Hepliaklqana.
    47 | D        | Found an opulent altar of Gozag.
    48 | D        | Found a glowing golden altar of the Shining One.
    48 | D        | Found a glowing silver altar of Zin.
    48 | D        | Found a basalt altar of Yredelemnul.
    48 | D        | Found a shimmering altar of Xom.
    48 | D        | Found an ornate altar of the Wu Jian Council.
    48 | D        | Found a sacrificial altar of Ru.
    48 | D        | Found a stormy altar of Qazlal.
    48 | D        | Found an iron altar of Okawaru.
    48 | D        | Found a sparkling altar of Nemelex Xobeh.
    48 | D        | Found a burning altar of Makhleb.
    48 | D        | Found a blossoming altar of Fedhas.
    48 | D        | Found a white marble altar of Elyvilon.
    48 | D        | Found a shadowy altar of Dithmenos.
    48 | D        | Found a snail-covered altar of Cheibriados.
    51 | D        | Found a corrupted altar of Lugonu.
    52 | D        | Found a hide-covered altar of Uskayaw.
    52 | D        | Found a broken altar of Ashenzari.
    55 | D        | Became a worshipper of Gozag Ym Sagoz the Greedy
   101 | D        | Noticed a flying skull
   119 | D        | HP: 1/61 [flying skull (8)]
   120 | D        | Killed a flying skull
   121 | D        | Reached skill level 5 in Fighting
   121 | D        | Reached skill level 8 in Unarmed Combat
   121 | D        | Reached skill level 1 in Spellcasting
   121 | D        | Reached skill level 1 in Conjurations
   121 | D        | Reached skill level 1 in Hexes
   121 | D        | Reached skill level 1 in Summonings
   121 | D        | Reached skill level 1 in Necromancy
   121 | D        | Reached skill level 1 in Translocations
   121 | D        | Reached skill level 1 in Transmutations
   121 | D        | Reached skill level 1 in Fire Magic
   121 | D        | Reached skill level 1 in Ice Magic
   121 | D        | Reached skill level 1 in Air Magic
   121 | D        | Reached skill level 1 in Earth Magic
   121 | D        | Reached skill level 1 in Poison Magic
   121 | D        | Reached skill level 5 in Shapeshifting
   121 | D        | Reached XP level 6. HP: 1/49 MP: 0/0
   443 | D        | Noticed a sky beast
   444 | D        | Noticed Prince Ribbit
   460 | D        | Killed Prince Ribbit
   461 | D        | Reached skill level 9 in Unarmed Combat
   461 | D        | Reached XP level 7. HP: 56/56 MP: 0/0
   461 | D        | Learned a level 2 spell: Ensorcelled Hibernation
   471 | D        | Reached skill level 10 in Unarmed Combat
   491 | D        | Reached XP level 8. HP: 30/64 MP: 0/0
  1111 | D        | Noticed a kobold demonologist
  1126 | D        | Killed a kobold demonologist
  1127 | D        | Reached skill level 11 in Unarmed Combat
  1269 | D        | Noticed Pargi
  1282 | D        | Killed Pargi
  1318 | D        | Noticed Jessica
  1318 | D        | Noticed an elephant
  1318 | D        | Noticed a ynoxinul
  1324 | D        | Killed from afar by a ynoxinul

Illustrated notes

Levels and vault maps discovered:
D:        pitsprint [storerooms_1, entrance_room_1, metal_vault_3, armoury_2,
          mini_pit_1, grid_room_1, main_hall_1, silver_pit, the_coven_3,
          the_vestibule_1, steel_vault_5, golden_pit, hallway_of_sentries,
          crystal_vault_5, iron_vault_4, final_vault]

Skill      XL: |  1  2  3  4  5  6  7  8 |
---------------+-------------------------+-----
Fighting       | 3 5 6 7 |  7.8
Dodging        | 4 6 7 8 |  8.8
Unarmed Combat | 6 8 9 10 11 | 11.5
Shapeshifting  | 4 5 6 7 |  7.1
Spellcasting   | 1 2 3 4 |  4.1
Conjurations   | 1 2 3 4 |  4.1
Hexes          | 1 2 3 4 |  4.1
Summonings     | 1 2 3 4 |  4.1
Necromancy     | 1 2 3 4 |  4.1
Translocations | 1 2 3 4 |  4.1
Transmutations | 1 2 3 4 |  4.1
Fire Magic     | 1 2 3 4 |  4.1
Ice Magic      | 1 2 3 4 |  4.1
Air Magic      | 1 2 3 4 |  4.1
Earth Magic    | 1 2 3 4 |  4.1
Poison Magic   | 1 2 3 4 |  4.1
Armour         | 2 |  2.8

Action                     |  1- 3 |  4- 6 |  7- 9 || total
---------------------------+-------+-------+-------++-------
  Melee: Unarmed           |     4 |    48 |    76 ||   128
         Punch             |       |     3 |     7 ||    10
    Use: Potion            |       |     2 |     2 ||     4
 Armour: Animal skin       |       |    17 |     8 ||    25
         Skin              |       |    12 |     7 ||    19
         Chain mail        |       |       |    35 ||    35
  Dodge: Dodged            |       |    16 |    16 ||    32

Table legend: (Time is in decaauts)
 A = Elapsed time spent in this place.
 B = Non-inter-level travel time spent in this place.
 C = Inter-level travel time spent in this place.
 D = Time resting spent in this place.
 E = Time spent auto-exploring this place.
 F = Levels seen in this place.
 G = Mean time per level.
                   A        B        C        D        E       F      G
               +--------+--------+--------+--------+--------+-----+--------+
         Total |   1318 |   1258 |     60 |    922 |      0 |   1 | 1318.0 |
       Dungeon |   1318 |   1258 |     60 |    922 |      0 |   1 | 1318.0 |
               +--------+--------+--------+--------+--------+-----+--------+

Top non-repeatable levels by time:
       D: 1318 daAuts
